 Dungeon Crawl Stone Soup version 0.19.0 (webtiles) character file.

141 AlphabetPasta the Changer (level 5, 0/34 HPs)
             Began as a High Elf Transmuter on Nov 12, 2016.
             Slain by an orc priest
             ... wielding a +0 flail of protection
              (6 damage)
             ... on level 3 of the Dungeon on Nov 13, 2016.
             The game lasted 00:10:17 (2629 turns).

AlphabetPasta the Changer (High Elf Transmuter)     Turns: 2629, Time: 00:10:18

Health: 0/34       AC:  5    Str: 10    XL:     5   Next: 3%
Magic:  10/10      EV: 13    Int: 16    God:
Gold:   156        SH:  0    Dex: 16    Spells: 3 memorised, 4 levels left

rFire  . . .     SeeInvis .       - Unarmed
rCold  . . .     Gourm    .     b - +0 robe
rNeg   . . .     Faith    .     (no shield)
rPois  .         Spirit   .     (no helmet)
rElec  .         Reflect  .     l - +0 cloak
rCorr  .         Harm     .     g - +0 pair of gloves
MR     .....                    p - +0 pair of boots
Stlth  +.........               (no amulet)
                                (no ring)
                                (no ring)

@: appendage (expiring)
A: horns 2
a: End Transformation


You were on level 3 of the Dungeon.
You were not hungry.
You had grown temporary horns.
You visited 1 branch of the dungeon, and saw 3 of its levels.

You collected 156 gold pieces.

Inventory:

Missiles
 a - 27 arrows
Armour
 b - a +0 robe (worn)
 g - a +0 pair of gloves (worn)
 l - a +0 cloak (worn)
 p - a +0 pair of boots (worn)
Jewellery
 k - an uncursed ring of wizardry {unknown}
Scrolls
 e - a scroll of teleportation
 f - a scroll of fear
Potions
 h - a potion of resistance {unknown}
 j - a potion of curing
 m - a potion of might {unknown}
 n - 2 potions of ambrosia
 o - a potion of mutation {unknown}
Books
 c - a book of Changes

   Spells                             Type                      Level
   a - Beastly Appendage              Transmutation                1
   b - Sticks to Snakes               Transmutation                2
   c - Spider Form                    Transmutation/Poison         3
   d - Ice Form                       Ice/Transmutation            4
   e - Blade Hands                    Transmutation                5
Comestibles
 d - 2 bread rations
 i - a beef jerky
 q - a meat ration
 s - a chunk of flesh


   Skills:
 + Level 1.9 Fighting
 + Level 2.8 Dodging
 * Level 3.3 Unarmed Combat
 + Level 3.2 Spellcasting
 + Level 3.4 Transmutations


You had 4 spell levels left.
You knew the following spells:

 Your Spells              Type           Power        Failure   Level  Hunger
a - Beastly Appendage     Tmut           ##....       6%          1    None
b - Sticks to Snakes      Tmut           ##......     10%         2    ##.....
c - Spider Form           Tmut/Pois      #.........   28%         3    ###....


Dungeon Overview and Level Annotations

Branches:
Dungeon (3/15)

Altars:
Vehumet


Innate Abilities, Weirdness & Mutations

You have a pair of horns on your head.


Message History

* * * LOW HITPOINT WARNING * * *
You feel better.
You hit the orc priest.
The orc priest is moderately wounded.
The orc priest hits you with a flail of protection.
* * * LOW HITPOINT WARNING * * *
You closely miss the orc priest.
The orc priest is moderately wounded.
Your transformation is almost over.
The orc priest barely misses you.
Some of the chunks of flesh in your inventory have rotted away.
You hit the orc priest.
The orc priest is severely wounded.
The orc priest barely misses you.
You closely miss the orc priest.
The orc priest is severely wounded.
You barely miss the orc priest.
The orc priest is severely wounded.
The orc priest hits you with a flail of protection.
You die...

#..8.8.####### #
#..8.P.# #.####.#
#.#....# #......#
#.#.##.## #
..######.......# .
.......#...##..# #
#.o@.......... .
.......#...##..###
. ......##.......#
# .P.... #.......#
...8. ###.#### .
..... .# . ..## .#
# .# .


You could see an orc priest.

Vanquished Creatures
  A hound zombie (D:3)
  A hound skeleton (D:3)
  2 adders
  3 gnolls (D:2)
  An ooze (D:2)
  An adder zombie (D:3)
  An adder skeleton (D:3)
  A worm (D:2)
  A dart slug (D:1)
  2 leopard geckos (D:2)
  2 orcs (D:3)
  3 giant cockroaches
  3 goblins (D:1)
  10 hobgoblins
  3 jackals (D:1)
  A bat (D:1)
  2 frilled lizards
  9 kobolds
  4 rats
51 creatures vanquished.

Notes
Turn   | Place    | Note
-------+----------+-------------------------------------------
     0 | D:1      | AlphabetPasta the High Elf Transmuter began the quest for the Orb.
     0 | D:1      | Reached XP level 1. HP: 13/13 MP: 4/4
   401 | D:1      | Reached XP level 2. HP: 9/18 MP: 4/6
   435 | D:1      | Learned a level 2 spell: Sticks to Snakes
  1335 | D:2      | Reached XP level 3. HP: 23/23 MP: 6/8
  1539 | D:2      | Learned a level 3 spell: Spider Form
  1865 | D:1      | Reached XP level 4. HP: 19/28 MP: 7/9
  2552 | D:3      | Found a radiant altar of Vehumet.
  2617 | D:3      | Reached XP level 5. HP: 19/34 MP: 10/10
  2623 | D:3      | HP: 1/34 [orc priest/flail of protection (11)]
  2629 | D:3      | Slain by an orc priest

Skill      XL: |  1  2  3 |
---------------+----------+-----
Transmutations | 3 |  3.4
Unarmed Combat | 3 |  3.3
Spellcasting   | 3 |  3.2
Fighting       | |  1.9
Dodging        | |  2.8

Action                   |  1- 3 |  4- 6 || total
-------------------------+-------+-------++-------
Melee: Unarmed           |   128 |    67 ||   195
       Kick              |     6 |       ||     6
       Headbutt          |    12 |    10 ||    22
       Punch             |     1 |       ||     1
 Cast: Beastly Appendage |    17 |     8 ||    25
       Spider Form       |     1 |       ||     1
  Use: Scroll            |     6 |     1 ||     7
       Potion            |       |     2 ||     2
 Stab: Sleeping          |     1 |       ||     1
  Eat: Chunk             |     3 |     3 ||     6
Armor: Robe              |    24 |    12 ||    36
Dodge: Dodged            |    89 |    35 ||   124
